 Dungeon Sprint DCSS version 0.30.1-11-g7821555f0a (webtiles) character file.

Game seed: 4891648638035943878

397 Groucho the Unseen (level 6, -5/35 HPs)
             Began as a Spriggan Enchanter on Dec 13, 2023.
             Slain by a neqoxec (11 damage)
             ... in the Dungeon (Sprint II: "The Violet Keep of Menkaure").
             The game lasted 00:00:57 (62 turns).

Groucho the Unseen (Spriggan Enchanter)               Turns: 62, Time: 00:00:58

Health: -5/35      AC:  2    Str:  4    XL:     6   Next: 53%
Magic:  10/14      EV: 19    Int: 18    God:
Gold:   0          SH:  0    Dex: 16    Spells: 15/15 levels left

rFire   . . .        a - +1 dagger
rCold   . . .        (no shield)
rNeg    . . .        b - +0 robe
rPois   .            (helmet restricted)
rElec   .            (no cloak)
rCorr   .            (gloves unavailable)
SInv    +            (boots unavailable)
Will    +....        (no amulet)
Stlth   ++++++       (no ring)
HPRegen 0.25/turn    (no ring)
MPRegen 0.14/turn

%: no teleportation
@: on berserk cooldown, hasted and slowed, very quick
A: very small, no large weapons, unfitting armour, see invisible, speed 3
a: no special abilities


You were in the Dungeon.
You visited 1 branch

Inventory:

Hand Weapons
 a - a +1 dagger (weapon)
Armour
 b - a +0 robe (worn)
Scrolls
 i - a scroll of blinking
Potions
 c - a potion of invisibility
 d - a potion of curing
 e - a potion of heal wounds
 g - 2 potions of magic


   Skills:
 - Level 5.0 Fighting
 - Level 5.0 Short Blades
 - Level 5.0 Dodging
 - Level 15.0 Stealth
 - Level 5.0 Spellcasting
 + Level 7.4 Hexes


You had 15 spell levels left.
You didn't know any spells.
Your spell library contained the following spells:

 Spells                   Type           Power      Damage    Failure   Level
 Confusing Touch          Hex            31%        N/A       1%          3
 Tukima's Dance           Hex            31%        N/A       1%          3
 Ensorcelled Hibernation  Hex/Ice        34%        N/A       4%          2
 Dazzling Flash           Conj/Hex       34%        N/A       9%          3


Dungeon Overview and Level Annotations

Branches:
Dungeon (1/1)

Altars:


Innate Abilities, Weirdness & Mutations

You are very small and have problems with some larger weapons.
You are too small for most types of armour.
You have supernaturally acute eyesight. (SInv)
You cover ground extremely quickly. (Speed+++)


Message History

The neqoxec is lightly wounded.
The neqoxec misses you.
You hit the neqoxec.
The neqoxec is lightly wounded.
You flicker back into view.
The neqoxec misses you.
You hit the neqoxec but do no damage.
The neqoxec is lightly wounded.
The neqoxec misses you.
You closely miss the neqoxec.
The neqoxec is lightly wounded.
You closely miss the neqoxec.
The neqoxec is lightly wounded.
The neqoxec closely misses you.
You closely miss the neqoxec.
The neqoxec is lightly wounded.
The neqoxec misses you.
You hit the neqoxec but do no damage.
The neqoxec is lightly wounded.
You hit the neqoxec.
The neqoxec is moderately wounded.
The neqoxec barely misses you.
You hit the neqoxec.
The neqoxec is moderately wounded.
Your extra speed is starting to run out.
The neqoxec gestures at you.
Something tries to feed on your intellect!
You closely miss the neqoxec.
The neqoxec is moderately wounded.
The neqoxec barely misses you.
You hit the neqoxec but do no damage.
The neqoxec is moderately wounded.
You hit the neqoxec.
The neqoxec is heavily wounded.
The neqoxec hits you.
* * * LOW HITPOINT WARNING * * *
You hit the neqoxec but do no damage.
The neqoxec is heavily wounded.
The neqoxec hits you!
You die...

## ##.
###
#..##†#
#.#.####
#'###.#
##.##..#
+.<.'$#
##.##@#
#+###3#
##


You could see a neqoxec.

Vanquished Creatures
  3 neqoxecs (D)
  3 worms (D)
6 creatures vanquished.

Notes
Turn   | Place    | Note
-------+----------+-------------------------------------------
     0 | D        | Groucho the Spriggan Enchanter began the quest for the Orb.
     0 | D        | Reached XP level 1. HP: 9/9 MP: 5/5
    16 | D        | Reached skill level 5 in Stealth
    20 | D        | Reached skill level 1 in Fighting
    20 | D        | Reached XP level 2. HP: 14/14 MP: 7/7
    22 | D        | Noticed a neqoxec
    22 | D        | Noticed a neqoxec
    22 | D        | Noticed a neqoxec
    22 | D        | Noticed a neqoxec
    31 | D        | Killed a neqoxec
    32 | D        | Reached skill level 5 in Short Blades
    32 | D        | Reached skill level 5 in Dodging
    32 | D        | Reached skill level 8 in Stealth
    32 | D        | Reached skill level 5 in Spellcasting
    32 | D        | Reached skill level 5 in Hexes
    32 | D        | Reached XP level 3. HP: 7/21 MP: 7/10
    32 | D        | Reached XP level 4. HP: 8/25 MP: 8/12
    32 | D        | Reached XP level 5. HP: 10/29 MP: 8/13
    35 | D        | Killed a neqoxec
    36 | D        | Reached skill level 5 in Fighting
    36 | D        | Reached skill level 13 in Stealth
    36 | D        | Reached XP level 6. HP: 12/35 MP: 8/14
    44 | D        | Killed a neqoxec
    45 | D        | Reached skill level 15 in Stealth
    62 | D        | Slain by a neqoxec

Illustrated notes

Levels and vault maps discovered:
D:        the_violet_keep_of_menkaure [sprint2_stairs_cluster_1,
          sprint2_shoproom, sprint2_temple, sprint2_basic_supplies,
          sprint2_obstacle_4, sprint2_obstacle_7, sprint2_obstacle_3,
          sprint2_obstacle_1, sprint2_obstacle_6, sprint2_timed_cluster_1,
          sprint2_smallroom_cluster_1, sprint2_smallroom_final_cluster_1,
          sprint2_transparent_cluster_1, sprint2_second_timed_cluster_1,
          sprint2_sniper_area_1, sprint2_heavy_combat_area_1,
          sprint2_mutation_trap_area_1, sprint2_forest_area_1,
          sprint2_light_combat_area_1, sprint2_behind_water_1,
          sprint2_near_end_vault_1]

Skill      XL: |  1  2  3  4  5  6 |
---------------+-------------------+-----
Dodging        | 3 5 |  5.0
Spellcasting   | 3 5 |  5.0
Stealth        | 5 8 13 15 | 15.0
Hexes          | 4 5 7 |  7.4
Fighting       | 1 4 5 |  5.0
Short Blades   | 2 5 |  5.0

Action                     |  1- 3 |  4- 6 || total
---------------------------+-------+-------++-------
  Melee: Dagger            |    18 |    30 ||    48
         Punch             |     1 |       ||     1
    Use: Potion            |     3 |       ||     3
   Stab: Invisible         |     3 |     2 ||     5
         Sleeping          |     1 |       ||     1
  Dodge: Dodged            |     7 |    15 ||    22
